Map: Orbital Shipyard

Players

IlllIlllIlll

  • Race: Zerg Zerg
  • League: Gold

Zodiac

  • Race: Zerg Zerg

llllllllllll

  • Race: Zerg Zerg
  • League: Master

잡을건잡고

  • Race: Zerg Zerg

VOD

Have the link to the VOD?

Description

Time

  • Played on: Dec. 5, 2015, 2:03 a.m.
  • Length: 7:48
Show
View Real Time Build Order
Export as new Build Order

IlllIlllIlll Zerg 

Build Orders: Hatch First 

Get SALT Encoding   

  12  0:01  Drone  
  13  0:13  Overlord  
  13  0:17  Drone  
  14  0:32  Drone x2  
  14  0:35  Drone  
  17  0:52  Hatchery  
  17  0:56  Drone  
  17  0:59  Drone  
  18  1:10  Extractor  
  17  1:13  Spawning Pool  
  17  1:15  Drone  
  17  1:19  Drone  
  18  1:29  Drone  
  19  1:40  Overlord  
  19  1:50  Drone  
  20  1:59  Queen  
  22  2:02  Zergling x2  
  22  2:04  Drone, Queen  
  26  2:11  Drone  
  26  2:15  Drone  
  28  2:22  Metabolic Boost  
  28  2:24  Drone  
  28  2:26  Drone  
  30  2:33  Overlord  
  30  2:38  Drone  
  30  2:39  Queen  
  33  2:49  Baneling Nest, Drone  
  33  2:50  Zergling x2  
  34  2:55  Zergling x2  
  35  3:02  Zergling x2  
  36  3:06  Zergling x2  
  36  3:08  Hatchery  
  36  3:10  Zergling x2  
  37  3:20  Overlord  
  37  3:23  Drone x3  
  37  3:24  Drone  
  41  3:32  Drone  
  41  3:34  Drone x2  
  41  3:38  Baneling x2  
  43  3:43  Drone  
  44  3:48  Drone  
  44  3:49  Drone  
  46  3:57  Drone, Overlord  
  46  3:59  Drone x3  
  46  4:00  Drone  
  50  4:04  Zergling x2  
  50  4:05  Lair  
  47  4:10  Extractor  
  47  4:12  Roach Warren  
  47  4:14  Zergling x4  
  47  4:22  Zergling x10  
  52  4:26  Drone x2  
  54  4:34  Overlord  
  54  4:35  Zergling x6  
  54  4:37  Baneling x4  
  57  4:44  Drone  
  57  4:45  Drone x2, Extractor  
  59  4:51  Overlord  
  59  4:54  Roach x3  
  59  4:57  Evolution Chamber  
  62  5:04  Drone  
  62  5:05  Drone  
  65  5:07  Drone x2, Glial Reconstitution  
  65  5:09  Drone x2  
  65  5:11  Drone  
  65  5:12  Drone  
  70  5:15  Roach  
  70  5:17  Roach  
  70  5:20  Roach  
  76  5:30  Zerg Missile Weapons Level 1  
  76  5:31  Drone x2  
  76  5:32  Drone  
  76  5:34  Overlord  
  76  5:35  Overlord  
  79  5:36  Extractor  
  79  5:37  Extractor  
  79  5:38  Roach  
  79  5:40  Roach  
  81  5:47  Overlord  
  83  5:57  Roach x7  
  83  6:03  Drone x3  
  97  6:06  Roach x2  
  97  6:09  Roach  
  97  6:10  Roach  
  99  6:12  Roach  
  99  6:15  Roach  
  102  6:18  Queen  
  102  6:25  Overseer  
  104  6:31  Overlord  
  104  6:33  Overlord x2  
  104  6:38  Queen  
  104  6:39  Spore Crawler  
  105  6:40  Spore Crawler  
  105  6:41  Spore Crawler  
  105  6:45  Drone x2  
  105  6:48  Spore Crawler  
  105  6:49  Drone x2  
  105  6:51  Drone x2  
  105  6:52  Drone x2  
  111  6:54  Drone  
  111  6:55  Drone  
  111  6:59  Queen  
  114  7:03  Queen  
  114  7:11  Ravager  
  114  7:12  Ravager x3  
  114  7:14  Drone x5, Ravager  
  124  7:22  Overlord x2  
  126  7:26  Ravager x3  
Show
View Real Time Build Order
Export as new Build Order

Zodiac Zerg 

Build Orders: Hatch First, Muta Ling Bane 

Get SALT Encoding   

  12  0:01  Drone  
  13  0:08  Drone  
  14  0:37  Hatchery  
  14  0:42  Drone  
  14  0:47  Overlord  
  14  1:04  Spawning Pool  
  13  1:05  Drone  
  13  1:09  Drone  
  16  1:18  Drone x2  
  17  1:29  Extractor  
  17  1:30  Drone  
  17  1:37  Overlord  
  17  1:50  Queen  
  19  1:55  Drone  
  19  2:00  Zergling x2  
  21  2:01  Queen  
  21  2:02  Drone  
  21  2:08  Zergling x2  
  25  2:11  Drone  
  26  2:16  Drone  
  27  2:23  Zergling x2  
  28  2:35  Metabolic Boost  
  28  2:45  Extractor  
  27  2:53  Baneling Nest  
  26  3:00  Drone x3  
  26  3:03  Drone x2  
  26  3:04  Zergling x8  
  33  3:21  Queen  
  33  3:23  Zergling x2  
  36  3:34  Overlord x2  
  36  3:48  Baneling  
  32  4:03  Zergling x6  
  32  4:04  Lair  
  32  4:05  Queen  
  32  4:06  Drone  
  32  4:07  Drone x2, Zergling x4  
  41  4:16  Baneling  
  41  4:25  Zergling x6  
  44  4:34  Zergling x6  
  44  4:36  Drone x2  
  44  4:37  Zergling x4  
  51  4:48  Overlord  
  51  4:49  Overlord  
  46  5:09  Baneling  
  46  5:15  Spire  
  46  5:16  Drone x2  
  46  5:19  Drone x3  
  50  5:23  Drone x3  
  50  5:26  Baneling  
  50  5:27  Baneling  
  52  5:36  Baneling x3  
  52  5:37  Baneling  
  52  5:38  Zergling x6  
  52  5:39  Zergling x6  
  52  5:41  Zergling x2  
  59  5:51  Centrifical Hooks  
  52  6:05  Drone x3  
  52  6:10  Zergling x2  
  55  6:19  Baneling  
  55  6:20  Roach Warren, Drone  
  55  6:22  Zergling x2, Baneling x2  
  55  6:23  Zergling x4  
  55  6:24  Baneling  
  58  6:26  Baneling  
  58  6:34  Queen  
  60  6:40  Overseer x2  
  60  6:42  Hatchery  
  60  6:46  Extractor  
  58  6:48  Mutalisk  
  58  6:49  Overlord x2  
  58  6:50  Overlord  
  56  7:01  Mutalisk x2  
  56  7:16  Mutalisk  
  56  7:18  Zergling x2  
  59  7:23  Drone x4  
Show
View Real Time Build Order
Export as new Build Order

llllllllllll Zerg 

Build Orders:  

Get SALT Encoding   

Show
View Real Time Build Order
Export as new Build Order

잡을건잡고 Zerg 

Build Orders:  

Get SALT Encoding   

Tags
 
Add a new tag
Caveats
  • Supply blocks, unpowered buildings, or Contaminate may cause inaccurate times.
  • Supply counts are checked every 10 seconds.